 Dungeon Crawl Stone Soup version 0.15.2 (webtiles) character file.

18252 rilsen the Thaumaturge (level 12, -1/64 HPs)
             Began as a Gargoyle Earth Elementalist on Dec 30, 2016.
             Was the Champion of Sif Muna.
             Slain by a six-headed hydra (7 damage)
             ... on Level 4 of the Lair of Beasts.
             The game lasted 01:29:31 (15623 turns).

rilsen the Thaumaturge (GrEE)                      Turns: 15623, Time: 01:29:31

HP  -1/64        AC 22     Str 13      XL: 12   Next: 56%
MP  24/32        EV 11     Int 23      God: Sif Muna [******]
Gold 383         SH  0     Dex 10      Spells:  5 memorised, 14 levels left

rFire  . . .     SeeInvis .     h - 27 stones
rCold  + . .     Clarity  .     Q - +3 leather armour {rC+}
rNeg   + . .     rCorr    +     (no shield)
rPois  +         rRot     +     q - +0 helmet
rElec  +         Spirit   .     o - +0 cloak {+Inv}
SustAb .         Warding  .     s - +1 pair of gloves
rMut   .         Stasis   .     p - +2 pair of boots
Gourm  .                        G - amulet of resist corrosion
MR     .....                    A - +2 ring of intelligence
                                y - +1 ring of intelligence

@: not resistant to hostile enchantments, unstealthy
A: negative energy resistance 1, electricity resistance, unbreathing,
petrification resistance, rot immunity, AC +8
a: Channel Energy, Forget Spell, Renounce Religion, Evoke Invisibility


You were on level 4 of the Lair of Beasts.
You worshipped Sif Muna.
Sif Muna was exalted by your worship.
You were not hungry.

You visited 4 branches of the dungeon, and saw 16 of its levels.
You also visited: Labyrinth.

You collected 775 gold pieces.
You spent 392 gold pieces at shops.

Inventory:

Hand weapons
 a - a +5 quarterstaff of chaos
 i - the +12 hand crossbow of Excruciating Pain {flame, rN+}
   (You found it in a labyrinth)

   It turns projectiles fired from it into bolts of flame.
   It protects you from negative energy.
 l - the +6 great mace of the Viper {crush, Str+3}
   (You found it in a labyrinth)

   It inflicts extra damage upon your enemies.
   It affects your strength (+3).
 H - the +4 falchion of Rylihor {holy, rPois}
   (You found it on level 8 of the Dungeon)

   It has been blessed by the Shining One to cause great damage to the undead
   and demons.
   It protects you from poison.
 K - a +0 scimitar of flaming
 T - a +1 dire flail of draining
Missiles
 b - 7 steel bolts
 h - 27 stones (in hand)
 m - 19 bolts
 N - 7 bolts of penetration
Armour
 o - a +0 cloak of darkness (worn)
 p - a +2 pair of boots (worn)
 q - a +0 helmet (worn)
 s - a +1 pair of gloves (worn)
 z - a +2 robe of cold resistance
 Q - a +3 leather armour of cold resistance (worn)
Magical devices
 f - a wand of confusion (15)
 n - a wand of confusion (2)
 L - a wand of teleportation (4)
 O - a wand of heal wounds (2)
 S - a wand of lightning (0)
Comestibles
 g - 5 bread rations
 j - 7 meat rations
 r - 22 fruits
 u - 5 rotting chunks of yak flesh
 w - 3 chunks of wolf flesh
 I - a beef jerky
 Z - a slice of pizza
Scrolls
 c - 2 scrolls of identify
 v - 3 scrolls of magic mapping
 D - 6 scrolls of teleportation
 F - 7 scrolls of remove curse
 P - a scroll of amnesia
 R - 3 scrolls of fear
Jewellery
 d - an uncursed ring of protection from cold
 y - a +1 ring of intelligence (left hand)
 A - a +2 ring of intelligence (right hand)
 G - an amulet of resist corrosion (around neck)
 W - a +3 ring of dexterity
Potions
 e - a potion of restore abilities
 k - a potion of might
 t - 2 potions of heal wounds
 x - a potion of cancellation
 C - a potion of magic
 J - 3 potions of curing
 X - a potion of agility
 Y - a potion of brilliance {unknown}
Books
 U - Sif Muna's Reference Book on Shape Shifting
   (Sif Muna gifted it to you on level 1 of the Snake Pit)

   Spells                             Type                      Level
   Alistair's Intoxication            Transmutation/Poison         4
   Necromutation                      Transmutation/Necromancy     8
Magical staves
 B - an uncursed staff of fire
 M - an uncursed staff of cold
Miscellaneous
 E - a disc of storms


   Skills:
 + Level 2.8 Fighting
 + Level 4.1 Long Blades
 - Level 0.2(2.3) Maces & Flails
 - Level 3.8 Staves
   Level 2.2 Bows
 * Level 4.4 Crossbows
 - Level 1.8 Armour
 - Level 1.8 Dodging
 - Level 2.1 Stealth
 + Level 12.1 Spellcasting
 + Level 5.3 Conjurations
 + Level 3.0 Transmutations
 + Level 12.0 Earth Magic
 + Level 4.8 Invocations
 + Level 1.7 Evocations


You had 14 spell levels left.
You knew the following spells:

 Your Spells              Type           Power        Failure   Level  Hunger
a - Sandblast             Erth           ######       1%          1    None
b - Passwall              Trmt/Erth      #####.....   1%          3    None
c - Stone Arrow           Conj/Erth      ######       1%          3    None
d - Lee's Rapid Deconstr  Erth           ######....   1%          5    ###....
e - Shatter               Erth           ######....   100%        9    #######


Dungeon Overview and Level Annotations

Branches:
Dungeon (10/15)            Temple (1/1) D:5            Lair (4/8) D:10
  Snake (1/5) Lair:3
    Orc: D:9-12       Swamp: Lair:3-6    Shoals: Lair:3-6

Altars:
Ashenzari
Cheibriados
Dithmenos
Elyvilon
Fedhas
Kikubaaqudgha
Makhleb
Nemelex Xobeh
Okawaru
Qazlal
Sif Muna
Trog
Vehumet
Xom
Yredelemnul
Zin
The Shining One

Shops:
D:4 }   D:6 (   D:9 [   Snake:1 :

Annotations:
D:9 krupnik1's ghost, experienced GrFi
Snake:1 Aizul


Innate Abilities, Weirdness & Mutations

You are resistant to torment.
You are immune to poison.
Your stone body is very resilient (AC +8).
You resist negative energy.
You are resistant to electric shocks.
You can survive without breathing.
You are immune to petrification.
You are immune to rotting.


Message History

The six-headed hydra bites you.
The six-headed hydra bites you but does no damage.
The six-headed hydra closely misses you.
The six-headed hydra bites you! The six-headed hydra bites you.
* * * LOW HITPOINT WARNING * * *
The six-headed hydra bites you but does no damage.
Casting: Sandblast
Confirm with . or Enter, or press ? or * to list all spells.
Which direction?
The six-headed hydra bites you.
* * * LOW HITPOINT WARNING * * *
The six-headed hydra bites you!
* * * LOW HITPOINT WARNING * * *
The six-headed hydra bites you but does no damage. x3
The six-headed hydra bites you.
* * * LOW HITPOINT WARNING * * *
You begin to meditate on the wall.
You continue meditating on the rock.
The six-headed hydra bites you but does no damage.
The six-headed hydra bites you!
You die...

.......#.# .
........#### #...#
..##...# #.#.## #...#.
.###...###....###...)
.......P#...... #...#
.......##.....# #...#
..#.....#P....# #...#
####...###....###...#
#..#....##.....#@D..#
.#.#....##.....##...#
........#.....#.....#
.................>.....
.#....#P#####...#####..#
####.#### ##### ## ###


You could see a six-headed hydra.

Vanquished Creatures
  A minotaur (Lab)
  Fannar (Lair:3)
  2 hydras
  A naga warrior (Snake:1)
  Erica (Lair:3)
  A death yak (Lair:4)
  A hill giant (D:10)
  An ugly thing (D:10)
  2 black mambas
  6 spiny frogs
  A naga mage (Snake:1)
  A komodo dragon (Lair:1)
  A fire drake (Lair:3)
  3 blink frogs (Lair:4)
  A troll (D:7)
  A basilisk (D:8)
  10 yaks
  A deep elf mage (D:10)
  A hill giant zombie (D:8)
  A hippogriff (Lair:3)
  A wyvern (D:8)
  3 hungry ghosts
  3 wolves (Lair:4)
  2 nagas (Lair:3)
  5 porcupines
  4 water moccasins
  2 sky beasts (D:7)
  A phantom (D:5)
  3 ogres
  An orc warrior (D:6)
  2 black bears (Lair:4)
  4 ice beasts
  A boring beetle (Lair:4)
  3 centaurs
  2 big kobolds
  4 crocodiles
  11 giant frogs
  3 scorpions
  A troll zombie (D:8)
  3 wights (D:7)
  A hippogriff zombie (D:5)
  5 killer bees (D:8)
  A quasit (D:7)
  2 goliath beetles
  4 crimson imps
  An electric eel (Lair:1)
  A centaur zombie (D:5)
  7 hounds
  Crazy Yiuf (D:2)
  2 jellies
  6 worker ants
  6 iguanas
  7 orc wizards
  A mummy (D:9)
  3 gnolls (D:8)
  12 adders
  27 green rats
  2 shadow imps
  2 giant mites
  2 worms
  An adder zombie (D:5)
  An iguana zombie (D:5)
  7 giant geckos
  4 oozes
  13 orcs
  A ball python (D:1)
  A bat zombie (D:5)
  4 giant cockroaches
  12 goblins
  14 hobgoblins
  4 jackals (D:4)
  33 kobolds
  7 quokkas
  14 bats
  4 giant newts
  A giant spore (D:9)
  A gnoll skeleton (D:6)
  A gnoll zombie (D:5)
  A goblin zombie (D:5)
  A hobgoblin zombie (D:8)
  2 orc zombies
  12 rats
  A ballistomycete (D:9)
330 creatures vanquished.

Vanquished Creatures (others)
  A deep elf mage (D:10)
  2 plants
3 creatures vanquished.

Grand Total: 333 creatures vanquished

Notes
Turn   | Place    | Note
--------------------------------------------------------------
     0 | D:1      | rilsen, the Gargoyle Earth Elementalist, began the quest for the Orb.
     0 | D:1      | Reached XP level 1. HP: 10/10 MP: 3/3
   219 | D:1      | Reached XP level 2. HP: 15/15 MP: 2/4
   546 | D:1      | Reached skill level 4 in Earth Magic
   863 | D:1      | Reached XP level 3. HP: 19/19 MP: 3/6
  1739 | D:2      | Found a snail-covered altar of Cheibriados.
  1990 | D:2      | Noticed Crazy Yiuf
  1996 | D:2      | Killed Crazy Yiuf
  1996 | D:2      | Reached XP level 4. HP: 24/24 MP: 2/9
  2070 | D:2      | Reached skill level 5 in Earth Magic
  2771 | D:3      | Learned a level 3 spell: Passwall
  2775 | D:3      | Learned a level 3 spell: Stone Arrow
  2801 | D:3      | Found a glowing golden altar of the Shining One.
  2801 | D:3      | Found a shadowy altar of Dithmenos.
  2802 | D:3      | Found a blossoming altar of Fedhas.
  3073 | D:3      | Reached skill level 1 in Staves
  3073 | D:3      | Reached XP level 5. HP: 28/28 MP: 11/11
  3623 | D:4      | Found Caitem's Gadget Shoppe.
  3715 | D:4      | Reached XP level 6. HP: 32/32 MP: 11/13
  3716 | D:4      | Noticed an ogre
  3737 | D:4      | Killed an ogre
  3737 | D:4      | Reached skill level 6 in Earth Magic
  4138 | D:5      | Entered Level 5 of the Dungeon
  4314 | D:5      | Found a staircase to the Ecumenical Temple.
  4350 | Temple   | Entered the Ecumenical Temple
  4549 | Temple   | Became a worshipper of Sif Muna the Loreminder
  4695 | D:5      | Reached XP level 7. HP: 29/36 MP: 14/17
  4712 | D:5      | Learned a level 5 spell: Lee's Rapid Deconstruction
  4781 | D:5      | Reached skill level 1 in Invocations
  5172 | D:5      | Reached skill level 1 in Fighting
  5632 | D:6      | Found Xahesk's Weapon Boutique.
  5638 | D:6      | Reached skill level 5 in Spellcasting
  5638 | D:6      | Reached skill level 1 in Transmutations
  5648 | D:6      | Bought 20 stones for 24 gold pieces
  5648 | D:6      | Bought 27 stones for 32 gold pieces
  5706 | D:6      | Reached skill level 1 in Conjurations
  5733 | D:6      | Reached XP level 8. HP: 43/43 MP: 13/20
  6034 | D:6      | Acquired Sif Muna's first power
  7095 | D:6      | Found a snail-covered altar of Cheibriados.
  7280 | D:7      | Noticed a troll
  7325 | D:7      | Reached skill level 1 in Evocations
  7325 | D:7      | Reached XP level 9. HP: 48/48 MP: 16/23
  7348 | D:7      | Identified Bial's Collected Works on Quantum Protection
  7438 | D:7      | Reached skill level 1 in Bows
  7450 | D:7      | Reached skill level 7 in Spellcasting
  7504 | D:7      | Acquired Sif Muna's second power
  7556 | D:7      | Killed a troll
  8257 | D:8      | Reached skill level 8 in Spellcasting
  8475 | D:8      | Got a fine falchion
  9011 | D:8      | Reached XP level 10. HP: 45/53 MP: 14/27
  9353 | D:9      | Identified the +4 falchion of Rylihor {holy, rPois} (You found it on level 8 of the Dungeon)
  9416 | D:9      | Found an iron altar of Okawaru.
  9438 | D:9      | Noticed krupnik1's ghost (experienced GrFi)
  9808 | D:9      | Found Azegi's Armour Boutique.
  9869 | D:9      | Bought a +3 leather armour of cold resistance for 336 gold pieces
  9900 | D:9      | Reached skill level 9 in Spellcasting
 10030 | D:10     | Entered Level 10 of the Dungeon
 10044 | D:10     | Noticed a hill giant
 10053 | D:10     | Killed a hill giant
 10053 | D:10     | Reached skill level 1 in Long Blades
 10243 | D:10     | Reached skill level 5 in Conjurations
 10292 | D:10     | Noticed a purple ugly thing
 10302 | D:10     | Killed a purple ugly thing
 10541 | D:10     | Found a staircase to the Lair.
 10578 | Lair:1   | Entered Level 1 of the Lair of Beasts
 10753 | Lair:1   | Acquired Sif Muna's third power
 10753 | Lair:1   | Reached skill level 10 in Spellcasting
 10753 | Lair:1   | Reached XP level 11. HP: 53/57 MP: 25/29
 10863 | Lair:1   | Reached skill level 10 in Earth Magic
 10981 | Lair:1   | Reached skill level 1 in Armour
 11509 | Lair:2   | Noticed a four-headed hydra
 11520 | Lair:2   | Killed a four-headed hydra
 11576 | Lair:2   | Found a labyrinth entrance.
 11609 | Lab      | Entered a labyrinth
 11743 | Lab      | Noticed a minotaur
 11774 | Lab      | Killed a minotaur
 11805 | Lab      | Got a crude hand crossbow
 11805 | Lab      | Got an iridescent great mace
 11982 | Lair:2   | Learned a level 9 spell: Shatter
 11983 | Lair:2   | Identified the +12 hand crossbow of Excruciating Pain {flame, rN+} (You found it in a labyrinth)
 11984 | Lair:2   | Identified the +6 great mace of the Viper {crush, Str+3} (You found it in a labyrinth)
 12436 | Lair:1   | Reached skill level 1 in Crossbows
 12436 | Lair:1   | Reached skill level 11 in Spellcasting
 13519 | Lair:3   | Noticed Fannar
 13543 | Lair:3   | Killed Fannar
 13666 | Lair:3   | Noticed a five-headed hydra
 13672 | Lair:3   | Killed a five-headed hydra
 13672 | Lair:3   | Reached XP level 12. HP: 64/64 MP: 26/31
 13857 | Lair:3   | Noticed Erica
 14040 | Lair:3   | Killed Erica
 14054 | Lair:3   | Found a staircase to the Snake Pit.
 14079 | Snake:1  | Entered Level 1 of the Snake Pit
 14116 | Snake:1  | Noticed a naga warrior
 14127 | Snake:1  | Killed a naga warrior
 14127 | Snake:1  | Received a gift from Sif Muna
 14130 | Snake:1  | Identified Sif Muna's Reference Book on Shape Shifting (Sif Muna gifted it to you on level 1 of the Snake Pit)
 14226 | Snake:1  | Noticed Aizul
 14251 | Snake:1  | HP: 2/64 [Aizul (17)]
 14569 | Snake:1  | Found Efef's Book Emporium.
 15149 | Lair:4   | Reached skill level 12 in Spellcasting
 15313 | Lair:4   | Noticed a death yak
 15315 | Lair:4   | Noticed a death yak
 15316 | Lair:4   | Noticed a death yak
 15368 | Lair:4   | Killed a death yak
 15610 | Lair:4   | Noticed a six-headed hydra
 15623 | Lair:4   | Slain by a six-headed hydra

Action                   |  1- 3 |  4- 6 |  7- 9 | 10-12 || total
-------------------------+-------+-------+-------+-------++-------
Melee: Unarmed           |     1 |       |       |       ||     1
       Mace              |    29 |     3 |       |       ||    32
       Quarterstaff      |       |    99 |   109 |    96 ||   304
       Falchion          |       |       |       |    16 ||    16
       Great mace        |       |       |       |     5 ||     5
 Fire: Shortbow          |       |       |     2 |       ||     2
       Hand crossbow     |       |       |       |     2 ||     2
Throw: Stone             |       |     3 |       |       ||     3
 Cast: Sandblast         |    58 |    53 |    98 |   283 ||   492
       Passwall          |       |     2 |       |     5 ||     7
       Stone Arrow       |       |     1 |    80 |    61 ||   142
       Lee's Rapid Decon |       |       |     1 |     6 ||     7
Invok: Channel Energy    |       |       |       |    29 ||    29
 Abil: Evoke Invisibilit |       |       |       |     1 ||     1
Evoke: Wand              |       |     3 |     9 |    19 ||    31
  Use: Scroll            |     5 |     4 |    12 |    11 ||    32
       Potion            |       |       |     3 |     4 ||     7
 Stab: Sleeping          |       |     1 |     1 |       ||     2
       Petrifying        |       |     1 |       |       ||     1
       Paralysed         |       |       |     3 |       ||     3
       Confused          |       |       |     2 |       ||     2
  Eat: Chunk             |     4 |     8 |    16 |    21 ||    49
       Fruit             |       |     1 |       |       ||     1
       Beef jerky        |       |       |     1 |       ||     1
       Bread ration      |       |       |       |     1 ||     1
